[Event "*** Titled Tuesday Blitz"]
[Site "Chess.com"]
[Date "2018.12.04"]
[Round "4"]
[White "eCztery"]
[Black "Abdodi"]
[Result "1-0"]
[WhiteElo "2316"]
[BlackElo "2216"]
[TimeControl "180+2"]
[EndTime "13:51:05 PST"]
[Termination "eCztery won by resignation"]

1. e4 c5 2. Nf3 e6 3. d4 cxd4 4.
Nxd4 Qc7 5. Nb5 Qe5 6. N1c3 Nc6 7.
Be3 Nf6 8. Qd2 Bb4 9. Bf4 Nxe4 10. Bxe5 Nxd2 11. Bxg7 Rg8 12. Nc7+ Kd8 13. Nxa8 Rxg7 14.
Kxd2 d5 15. a3 Bc5 16. f3 b6 17. Nb5 Bb7 18. Nac7 a6 19. b4 Be7 20. Nxa6 Bg5+ 21. Kd1 Bxa6 22. c4 dxc4 23. Bxc4 Bf6 24. Ra2 Ne5 25.
Rd2+ Ke7 26. Bf1 Bg5 27. Rc2 Be3 28. Rc7+ Kf6 29. Nd6 Bxf1 30. Rxf1 Rxg2 31. Ne4+ Kg6 32. f4 Nd3 33. Rc3 Nb2+ 34. Ke1 Bd4 35. Rg3+ Rxg3 36. hxg3 Kf5 37. Nd2 Kg4 38. Ke2 Kxg3 39. Nf3 Bf6 40. Ng5 h5 41. Rg1+ Kxf4 42. Nxf7 h4 43. Rf1+ Kg3 44. Rxf6 h3 45. Rg6+ Kh4 46. Ng5 Kh5 47.
Rg8 h2 48. Nf3 h1=Q 49. Rh8+ Kg4 50. Rxh1 Nc4 51. Rh4+ 1-0

[Event "*** Titled Tuesday Blitz"]
[Site "Chess.com"]
[Date "2018.12.04"]
[Round "4"]
[White "mikhaillushenkov"]
[Black "burbur555"]
[Result "1/2-1/2"]
[WhiteElo "2641"]
[BlackElo "2559"]
[TimeControl "180+2"]
[EndTime "13:51:10 PST"]
[Termination "Game drawn by repetition"]

1. Nf3 d5 2. d4 c6 3. c4 e6 4.
Qc2 Nf6 5. Bg5 Nbd7 6. e3 Qa5+ 7. Nbd2 Ne4 8. Bf4 Bb4 9. Bd3 f5 10. h4 Ndf6 11. Ke2 Ng4 12. Rhf1 O-O 13. a3 Bxd2 14. Nxd2 Nxd2 15. Qxd2 Qxd2+ 16. Kxd2 Bd7 17. f3 Nf6 18. b4 dxc4 19. Bxc4 Nd5 20. Be5 f4 21. exf4 Nxf4 22. g3 Nd5 23. f4 a5 24. Rfb1 axb4 25.
axb4 b5 26. Bd3 Rxa1 27. Rxa1 Nxb4 28. Bd6 Nxd3 29. Bxf8 Nf2 30. Bxg7 Ne4+ 31. Ke3 Nxg3 32. Ra7 Be8 33. Be5 Nf5+ 34. Kf2 Nxh4 35. Rg7+ Kf8 36.
Rxh7 Nf5 37. Rb7 Kg8 38. Kf3 Bh5+ 39. Ke4 Ng3+ 40. Ke3 Nf5+ 41. Kd2 Bf3 42. Kc3 Bd5 43. Ra7 Ng3 44. Kb4 Ne4 45. Ka5 Kf8 46. Rb7 Ke8 47. Rg7 Kf8 48. Rg1 Kf7 49. Rg7+ Kf8 50. Rc7 Ke8 51.
Kb4 Kf8 52. Ka3 Ke8 53. Kb2 Kf8 54. Kc2 Ke8 55. Kd1 b4 56. Rb7 b3 57. Kc1 Nc3 58. Kb2 Ne4 59. Rc7 Kd8 60. Ra7 Ke8 61. Rc7 Kd8 62.
Ra7 Ke8 63. Rc7 Kd8 64. Ra7 Ke8 1/2-1/2

[Event "*** Titled Tuesday Blitz"]
[Site "Chess.com"]
[Date "2018.12.04"]
[Round "4"]
[White "TregubovP"]
[Black "severomorskij"]
[Result "0-1"]
[WhiteElo "2577"]
[BlackElo "2743"]
[TimeControl "180+2"]
[EndTime "13:51:11 PST"]
[Termination "severomorskij won by resignation"]

1. d4 Nf6 2. c4 e6 3. Nc3 Bb4 4. e3 O-O 5. Bd3 d5 6. Ne2 c5 7. cxd5 cxd4 8. exd4 Nxd5 9. O-O Nc6 10. Nxd5 Qxd5 11. Qc2 h6 12. a3 Be7 13. Rd1 Rd8 14. Be4 Qd6 15. Bf4 Qd7 16. Rac1 Qe8 17. Bc7 Rd7 18. Bg3 Bf6 19. Qc4 g6 20. Bxc6 bxc6 21. Be5 Bg5 22. Bf4 Qd8 23. Bxg5 Qxg5 24. Nc3 Kg7 25. Ne4 Qd5 26. Nc5 Rd8 27. Qc3 a5 28.
Rd2 e5 29. Rcd1 e4 30. Qe3 Bf5 31. h3 h5 32. Rc1 Rab8 33. Rc3 Rb5 34. a4 Rb4 35. b3 Rxd4 36. Rxd4 Qxd4 37. Qxd4+ Rxd4 38. Nb7 Rd1+ 39. Kh2 Rd2 40. Nxa5 Rxf2 41. Nxc6 Ra2 42. Nd4 Kf6 43. h4 Ke5 44. Nc2 Be6 45. Kg3 f5 46. Kf2 f4 47. Rc5+ Kd6 48. Rb5 Rxc2+ 49. Ke1 e3 0-1

[Event "*** Titled Tuesday Blitz"]
[Site "Chess.com"]
[Date "2018.12.04"]
[Round "4"]
[White "silverback96"]
[Black "leclash"]
[Result "1-0"]
[WhiteElo "2144"]
[BlackElo "2352"]
[TimeControl "180+2"]
[EndTime "13:51:13 PST"]
[Termination "silverback96 won by resignation"]

1. d4 d5 2. c4 e6 3. Nf3 c6 4. g3 Nf6 5. Bg2 dxc4 6. Ne5 c5 7. Qa4+ Nfd7 8. O-O cxd4 9. Rd1 Nc6 10. Nxc6 bxc6 11.
Qxc6 Rb8 12. Qxc4 e5 13. Bd5 Qf6 14. Nd2 Nb6 15. Bc6+ Bd7 16. Bxd7+ Nxd7 17. Ne4 Qe6 18.
Qxe6+ fxe6 19. b3 Nc5 20. Nxc5 Bxc5 21. Bd2 Kf7 22. Rac1 Rhc8 23. Rc4 Bb6 24. Rdc1 Rxc4 25. Rxc4 Ke7 26. Bb4+ Kd7 27. Bc5 Rc8 28. Bxb6 Rxc4 29.
bxc4 axb6 30. Kg2 Kc6 31. Kf3 Kc5 32. Ke4 Kxc4 33. Kxe5 Kc3 34. a4 Kb4 35. Kxd4 Kxa4 36. Kc3 b5 37. e4 Ka3 38. Kc2 b4 39. Kb1 Kb3 40. f4 Kc3 41. e5 b3 42. f5 1-0

[Event "*** Titled Tuesday Blitz"]
[Site "Chess.com"]
[Date "2018.12.04"]
[Round "4"]
[White "Berardino"]
[Black "capatl"]
[Result "0-1"]
[WhiteElo "2407"]
[BlackElo "2562"]
[TimeControl "180+2"]
[EndTime "13:51:14 PST"]
[Termination "capatl won by resignation"]

1. d4 Nf6 2. c4 e6 3. Nc3 d5 4. cxd5 exd5 5. Bg5 c6 6. e3 Be7 7.
Bd3 Nbd7 8. Qc2 Nf8 9. Nge2 Ne6 10. Bh4 g6 11. O-O Ng7 12. f3 O-O 13. Rad1 Nfh5 14. Bxe7 Qxe7 15. e4 dxe4 16. fxe4 f5 17.
e5 Be6 18. b3 Rad8 19. Bc4 Qb4 20. Bxe6+ Nxe6 21. Kh1 Nxd4 22. Nxd4 Rxd4 23. Rxd4 Qxd4 24. Re1 Qh4 25. Qd2 Re8 26. Kg1 Qe7 27. e6 Qc5+ 28. Kh1 Nf4 29. Qxf4 Qxc3 30. Rd1 Rxe6 31. Rd8+ Kf7 32. h4 Qe1+ 33. Kh2 Qe5 34. Rd7+ Kf6 35. Qxe5+ Rxe5 36. Rxb7 Re7 37. Rb8 Re2 38. a4 Re4 39. Kh3 a5 40. Rb7 Re3+ 41. Kh2 Re4 42. Rb6 Rxh4+ 43.
Kg3 Rg4+ 44. Kf3 Kg5 45. Rxc6 Rb4 46. Rc3 h5 47. g3 h4 48. gxh4+ Rxh4 49. Rc5 Rh3+ 50.
Kg2 Rxb3 51. Rxa5 Ra3 52. Ra6 Kh5 53. a5 g5 54. Ra8 Kg4 55. a6 f4 56. a7 Ra2+ 57.
Kf1 Kf3 58. Ke1 g4 59. Kd1 g3 60. Ke1 g2 0-1

[Event "*** Titled Tuesday Blitz"]
[Site "Chess.com"]
[Date "2018.12.04"]
[Round "4"]
[White "Alopekos"]
[Black "1e41-0"]
[Result "1-0"]
[WhiteElo "2497"]
[BlackElo "2498"]
[TimeControl "180+2"]
[EndTime "13:51:19 PST"]
[Termination "Alopekos won by checkmate"]

1. e4 e6 2. d4 d5 3. Nc3 Bb4 4. e5 c5 5. a3 Bxc3+ 6. bxc3 Qa5 7. Bd2 Qa4 8. Qb1 c4 9. h4 Ne7 10. h5 h6 11. f4 Nbc6 12. Nf3 Bd7 13. g4 O-O-O 14.
Bh3 f6 15. O-O Rdf8 16. Rf2 f5 17. Nh4 fxg4 18. Bxg4 Rhg8 19. Kh2 g5 20. Ng2 gxf4 21. Qd1 f3 22. Rxf3 Rxf3 23. Bxf3 Nf5 24. Ra2 Qa5 25. Bg4 Nce7 26. Ra1 Qd8 27. Qf3 Qf8 28. Rf1 Qg7 29. Bh3 Kb8 30. Qf2 Be8 31. Nf4 Bf7 32. Rg1 Qf8 33.
Rxg8 Qxg8 34. Bxf5 Nxf5 35. Nxd5 Qg4 36. Nf6 Qd1 37.
Bf4 Bxh5 38. d5 Bf3 39. Qg1 Qe2+ 40. Kh3 Bxd5 41. Qg8+ Kc7 42. Nxd5+ exd5 43. Qf7+ Kb6 44. Qxf5 Qf3+ 45. Kh4 Qh1+ 46. Qh3 Qe4 47. Qe3+ Qxe3 48.
Bxe3+ Kc6 49. Bxa7 Kd7 50. Kh5 Ke6 51. Bd4 b5 52.
Kxh6 Kf5 53. Kg7 Ke6 54. Kg6 Kd7 55. Kf7 Kc6 56. e6 Kb7 57. e7 Ka6 58. e8=Q Ka5 59. Qa8# 1-0

[Event "*** Titled Tuesday Blitz"]
[Site "Chess.com"]
[Date "2018.12.04"]
[Round "4"]
[White "Mykola-Bortnyk"]
[Black "AndrBaryshpolets"]
[Result "1/2-1/2"]
[WhiteElo "2836"]
[BlackElo "2574"]
[TimeControl "180+2"]
[EndTime "13:51:20 PST"]
[Termination "Game drawn by agreement"]

1. e4 e6 2. d4 d5 3. Nc3 Nf6 4. e5 Nfd7 5. Nf3 c5 6. dxc5 Nc6 7. Bf4 Bxc5 8. Bd3 f6 9. exf6 Qxf6 10. Bg5 Qf7 11. Qe2 O-O 12. O-O-O Bd6 13. Kb1 Nde5 14. Nxe5 Nxe5 15. Bh4 Nxd3 16. Rxd3 Bd7 17. Rhd1 Bc6 18. Ne4 Bf4 19. Nc5 Bb5 20. Qxe6 Bxd3 21. Qxf7+ Rxf7 22. Rxd3 Re8 23. a4 b6 24. Nb3 Bxh2 25. Rxd5 h6 26. f3 Re2 27. Rd2 Rxd2 28. Nxd2 Rd7 29. Ne4 Rd1+ 30.
Ka2 Rg1 31. g4 Be5 32. Bf2 Rd1 33. a5 bxa5 34. Bxa7 a4 35. c4 Kf7 36. c5 Ke6 37.
Bb6 Kd5 38. Ba7 Kc6 39. Bb6 Kb5 40. f4 Bd4 41. Nd6+ Kc6 42. Nf5 Bxc5 43. Bxc5 Kxc5 44. Nxg7 Rg1 45. g5 hxg5 46. fxg5 Kd5 47. Nf5 Rxg5 48.
Ne3+ Kc5 49. Nc2 Rg3 50. Na3 Kb4 51. Nb1 Rg2 52. Na3 Rd2 53. Nb1 Rc2 54. Na3 Re2 55. Nb1 Kc4 56. Nc3 1/2-1/2

[Event "*** Titled Tuesday Blitz"]
[Site "Chess.com"]
[Date "2018.12.04"]
[Round "4"]
[White "IngOscarArdila"]
[Black "Vadim_Biliy"]
[Result "1-0"]
[WhiteElo "2230"]
[BlackElo "2142"]
[TimeControl "180+2"]
[EndTime "13:51:20 PST"]
[Termination "IngOscarArdila won on time"]

1. e4 e5 2. Nf3 Nc6 3. Bb5 Bd6 4. O-O Qf6 5. c3 h6 6. d4 Nge7 7. Re1 a6 8. Ba4 O-O 9. h3 Ng6 10. Be3 b5 11. Bc2 Bb7 12. a4 Rfe8 13. d5 Nce7 14. Nbd2 Nf4 15. Nf1 g5 16. Ng3 Neg6 17. Nf5 Bf8 18.
Bd3 c6 19. dxc6 dxc6 20. Qc2 Nxd3 21. Qxd3 Rad8 22. Qc2 c5 23. axb5 axb5 24. Ra7 Qc6 25. Bc1 c4 26. Ra1 Rd3 27. Nh2 Ne7 28. Ng3 f5 29.
Qe2 f4 30. Nh5 Ng6 31. Qg4 Bc8 32. Qe2 Red8 33. Ng4 R3d6 34. Ra7 Qb6 35. Ra1 Qc5 36. Ngf6+ Kh8 37. Nd5 Nh4 38. Nhf6 Bg7 39. Ng4 f3 40. gxf3 Rxd5 41. exd5 Rxd5 42. Be3 Qc6 43. Ra7 Rd3 44. Nh2 Bb7 45. Rea1 e4 46. f4 Nf3+ 47. Nxf3 exf3 48. Qf1 gxf4 49. Bxf4 Bc8 50. Ra8 Kh7 51. Bg3 Rd2 52. R8a7 1-0

[Event "*** Titled Tuesday Blitz"]
[Site "Chess.com"]
[Date "2018.12.04"]
[Round "4"]
[White "Frolik67"]
[Black "theblitzchamp"]
[Result "0-1"]
[WhiteElo "2651"]
[BlackElo "2712"]
[TimeControl "180+2"]
[EndTime "13:51:21 PST"]
[Termination "theblitzchamp won by resignation"]

1. e4 e5 2. Nf3 Nc6 3. Bc4 Nf6 4. d3 Be7 5. h3 O-O 6. c3 d5 7. exd5 Nxd5 8. O-O Bf6 9. Nbd2 Re8 10. Ne4 Be6 11. Re1 a6 12. a4 Qe7 13. b3 Rab8 14. Ba3 Qd8 15. Bxd5 Bxd5 16. c4 Be6 17. Bb2 Bf5 18. Re3 h6 19. Qe1 Bxe4 20. dxe4 Qe7 21. Rd1 Red8 22.
Rd5 Qb4 23. Qa1 Nd4 24. Nxd4 exd4 25. Bxd4 Bxd4 26. Qxd4 Rxd5 27. exd5 Rd8 28. Rg3 Qf8 29. Qe5 c6 30. Rd3 cxd5 31. cxd5 Rd6 32. Kf1 Qd8 33. Ke2 g6 34. Kf3 Rf6+ 35. Ke3 Rd6 36.
g3 Qb6+ 37. Qd4 Qc7 38. Ke4 Qe7+ 39. Qe5 Qd8 40. f4 Qb6 41. Qd4 Qd8 42. Rc3 Qd7 43. Rc5 Qxh3 44. Qe5 Qg2+ 45. Kd4 Qf2+ 46. Kc4 Qc2+ 47. Kb4 Rb6+ 48. Rb5 axb5 49. Qe8+ Kg7 50. Qe5+ Kh7 51. axb5 Qc8 52. Qe7 Kg8 53. d6 Qc6 54.
Qe5 Qxd6+ 55. Qxd6 Rxd6 56. Kc5 Re6 57. Kd5 Kf8 0-1

[Event "*** Titled Tuesday Blitz"]
[Site "Chess.com"]
[Date "2018.12.04"]
[Round "4"]
[White "tteshan"]
[Black "aquaticpineapples"]
[Result "1-0"]
[WhiteElo "2124"]
[BlackElo "2036"]
[TimeControl "180+2"]
[EndTime "13:51:21 PST"]
[Termination "tteshan won by checkmate"]

1. e4 e6 2. d4 d5 3. Nc3 Bb4 4.
e5 c5 5. dxc5 Nc6 6. Bd2 Nxe5 7.
Ne4 Bxd2+ 8. Nxd2 Qa5 9. Qe2 Nc4 10. c3 Nxb2 11. Qb5+ Qxb5 12. Bxb5+ Bd7 13. Bxd7+ Kxd7 14. Ke2 Na4 15. Ngf3 Nxc3+ 16. Kd3 Na4 17. Ne5+ Ke7 18. Nb3 f6 19. Nf3 Nh6 20. Rac1 Rac8 21. Rhe1 Ng4 22. Re2 Rhe8 23. Nfd4 Ne5+ 24. Kd2 Kf7 25. Kd1 Nc4 26. Nb5 a6 27. N5d4 Nxc5 28. Nxc5 Rxc5 29. f4 Rec8 30. Rb1 R5c7 31. Nxe6 Re7 32. Nd4 Rxe2 33. Kxe2 Rc7 34. g4 Nd6 35. Kf3 Rc3+ 36. Kf2 Rd3 37. Nf3 f5 38. Ne5+ Ke6 39. Nxd3 Ne4+ 40.
Ke3 fxg4 41. Rxb7 Nc3 42. Rb6+ Kf5 43. Rxa6 Nd1+ 44. Kd2 Ke4 45. Nc5+ Kd4 46. Ne6+ Ke4 47. Kxd1 Kf3 48. a4 Kg2 49. Ng5 Kxh2 50. Nxh7 g3 51.
Rg6 g2 52. a5 g1=Q+ 53. Rxg1 Kxg1 54. a6 Kf2 55. a7 Ke3 56. a8=Q Kxf4 57. Qxd5 Kg4 58.
Qf7 g5 59. Qf6 Kg3 60. Nxg5 Kh4 61. Ke2 Kg4 62. Ne4 Kh3 63. Qg5 Kh2 64. Qg3+ Kh1 65.
Nf2# 1-0

[Event "*** Titled Tuesday Blitz"]
[Site "Chess.com"]
[Date "2018.12.04"]
[Round "4"]
[White "David_Paravyan"]
[Black "CaptainCasanova"]
[Result "1/2-1/2"]
[WhiteElo "2827"]
[BlackElo "2661"]
[TimeControl "180+2"]
[EndTime "13:51:22 PST"]
[Termination "Game drawn by repetition"]

1. c4 Nf6 2. Nc3 c6 3. d4 d5 4. Nf3 dxc4 5. e4 b5 6. Be2 e6 7.
O-O Be7 8. a4 b4 9. e5 bxc3 10.
exf6 Bxf6 11. bxc3 O-O 12. Ne5 Nd7 13. Ba3 Re8 14. Nxc4 Be7 15. Nd6 Bxd6 16. Bxd6 Nf6 17. Be5 Nd7 18. Bf4 a5 19. Rb1 Nb6 20. c4 Ba6 21. Qb3 Nc8 22. Qc3 Nb6 23. Qb3 Nc8 24.
Rfd1 Nd6 25. h3 Nf5 26. Qc3 Qh4 27. g4 Ne7 28. Qe3 h6 29. Rb6 Ng6 30. Bd6 Red8 31.
Bh2 e5 32. dxe5 Rxd1+ 33. Bxd1 Bxc4 34. Bf3 Qxh3 35. Rxc6 Rb8 36. Rxc4 Rb1+ 37. Rc1 Rxc1+ 38. Qxc1 Qxf3 39. Qc4 Nh4 40. Qc8+ Kh7 41. Qc2+ g6 42. Kf1 Qg2+ 43. Ke2 Qxh2 44. Qe4 Qh3 45. e6 fxe6 46. Qb7+ Kg8 47. Qc8+ Kf7 48. Qd7+ Kf6 49. Qd8+ Ke5 50. Qc7+ Ke4 51. Qc4+ Ke5 52. Qc7+ Kf6 53. Qd8+ Ke5 54.
Qc7+ 1/2-1/2

[Event "*** Titled Tuesday Blitz"]
[Site "Chess.com"]
[Date "2018.12.04"]
[Round "4"]
[White "saraswathii"]
[Black "Robert_Chessmood"]
[Result "0-1"]
[WhiteElo "2270"]
[BlackElo "2945"]
[TimeControl "180+2"]
[EndTime "13:51:22 PST"]
[Termination "Robert_Chessmood won by resignation"]

1. e4 c6 2. d3 d5 3. Nd2 e5 4. Ngf3 Bd6 5. g3 Nf6 6. Bg2 O-O 7. O-O h6 8. c3 Be6 9. Qe2 Nbd7 10. Nh4 Re8 11.
Ndf3 Bf8 12. Nf5 Bxf5 13. exf5 Nc5 14. Nxe5 Nxd3 15. Qxd3 Rxe5 16. Bf4 Re8 17. Rad1 Qb6 18. Qc2 a5 19. Be3 Bc5 20. Bxc5 Qxc5 21. Rfe1 b5 22.
h3 a4 23. a3 Re7 24. Rxe7 Qxe7 25. Qd2 Re8 26. Kf1 Nd7 27. Re1 Qxe1+ 28. Qxe1 Rxe1+ 29. Kxe1 Kf8 30. Ke2 Ke7 31. Ke3 Kd6 32. Kd4 Nb6 33. Bf1 f6 34. f4 Nc8 35. g4 Nb6 36.
Be2 Nd7 37. Bd1 Kc7 38. Be2 Nb8 39. Bd1 Kd6 40. Be2 c5+ 41. Ke3 c4 42. Bf3 Kc5 43. Bg2 Nc6 44. Bh1 Na5 45. Bf3 Nb3 46.
Bg2 Nc1 47. Bf1 Nb3 48. Bg2 d4+ 49. cxd4+ Nxd4 50. Be4 Nb3 51. Bc2 Na5 52. Be4 c3 53.
bxc3 Nc4+ 54. Kd3 Nxa3 55. Bb7 Nc4 56. Kc2 Ne3+ 57. Kd3 Nd5 58. h4 Nxf4+ 59. Kc2 Nd5 60. Kd3 Nb6 61. Be4 Nc4 62. h5 Ne5+ 63. Kc2 Nxg4 64. Kb2 Ne5 65. Kc2 Nc4 66. Bd3 Ne3+ 67. Kd2 Nd5 68. Bb1 Nf4 69. Ke3 0-1

[Event "*** Titled Tuesday Blitz"]
[Site "Chess.com"]
[Date "2018.12.04"]
[Round "4"]
[White "ST-Sandavagur"]
[Black "Zarikovs1999"]
[Result "0-1"]
[WhiteElo "2459"]
[BlackElo "2369"]
[TimeControl "180+2"]
[EndTime "13:51:24 PST"]
[Termination "Zarikovs1999 won by resignation"]

1. e4 c5 2. Nf3 Nf6 3. e5 Nd5 4. c3 Nc6 5. d4 cxd4 6. cxd4 d6 7. Bc4 dxe5 8. dxe5 Ndb4 9. Qxd8+ Kxd8 10. Na3 Bg4 11. Bf4 Bxf3 12. gxf3 e6 13. Rd1+ Ke8 14. Nb5 Rc8 15.
O-O a6 16. Nd6+ Bxd6 17. Rxd6 Rd8 18. Rfd1 Rxd6 19. Rxd6 Nd5 20. Bxd5 exd5 21. Rxd5 Ke7 22. Be3 Rd8 23. Rxd8 Nxd8 24. Bg5+ f6 25. exf6+ gxf6 26. Bd2 Ke6 27. Kg2 Kf5 28. Kg3 Ne6 29. Bc3 b5 30. h3 Nf4 31. Bd2 Ne2+ 32. Kh4 Nd4 33. Kg3 Ne2+ 34. Kg2 Nf4+ 35. Kh2 Nd3 36. Bc3 Nxf2 37.
Kg3 Nd3 38. h4 Nf4 39. Kf2 Nd5 40. Bd4 h5 41. Ba7 Nf4 42. Bd4 Ng6 43. Kg3 Ne7 44. Be3 Nd5 45. Bd2 Nb6 46. Kf2 Nc4 47. Bc1 Ne5 48.
Ke3 Ng6 49. Kd4 Nxh4 50. Kc5 Nxf3 51. Kb6 h4 52. Be3 h3 53. Bf2 h2 0-1

[Event "*** Titled Tuesday Blitz"]
[Site "Chess.com"]
[Date "2018.12.04"]
[Round "4"]
[White "GulamaliRises"]
[Black "LastGladiator1"]
[Result "0-1"]
[WhiteElo "2656"]
[BlackElo "2683"]
[TimeControl "180+2"]
[EndTime "13:51:26 PST"]
[Termination "LastGladiator1 won by resignation"]

1. e4 c6 2. d4 d5 3. f3 dxe4 4. fxe4 e5 5. Nf3 Bg4 6. Bc4 Nd7 7. c3 Ngf6 8. Qb3 Bh5 9. Qxb7 Nxe4 10.
O-O Nd6 11. Qa6 Qb6 12. Be3 Be7 13. Nbd2 e4 14. Ng5 Bxg5 15. Bxg5 O-O 16. Qxb6 axb6 17.
Bb3 Rfe8 18. Rae1 Bg6 19. Bf4 Nb7 20. g4 b5 21. h4 h6 22. h5 Bh7 23. a3 Re7 24. d5 Na5 25. dxc6 Ne5 26. Bd5 Rd8 27. Bxe4 Bxe4 28. Nxe4 Nexc6 29. g5 Rde8 30. gxh6 Rxe4 31.
Rxe4 Rxe4 32. hxg7 Kxg7 33. Bc7 Nc4 34. b3 Ne3 35. h6+ Kg6 36. h7 Rh4 37. Rf3 Nf5 38.
a4 bxa4 39. bxa4 Rxh7 40. a5 Rh4 41. Rf4 Rxf4 42. Bxf4 Nxa5 43. Kf2 Nc4 44. Kf3 Kf6 45. Ke4 Ke6 46. Bb8 Ncd6+ 47. Kf4 Ne7 48. Ba7 f5 49. Bd4 Nd5+ 50. Kf3 Nb5 51. Bf2 Nbxc3 52. Bd4 Ne4 53.
Bh8 Ng5+ 54. Kg3 Nf6 55. Kf4 Nf7 56. Bg7 Nh5+ 0-1

[Event "*** Titled Tuesday Blitz"]
[Site "Chess.com"]
[Date "2018.12.04"]
[Round "4"]
[White "StephenDedalus83"]
[Black "MartinNeu"]
[Result "1-0"]
[WhiteElo "2730"]
[BlackElo "2477"]
[TimeControl "180+2"]
[EndTime "13:51:32 PST"]
[Termination "StephenDedalus83 won on time"]

1. e4 c5 2. Nf3 d6 3. d4 cxd4 4. Nxd4 Nf6 5. Nc3 a6 6. h3 b5 7.
g4 Bb7 8. Bg2 b4 9. Nd5 Nc6 10.
Nxf6+ gxf6 11. Be3 Rc8 12. Qd2 a5 13. O-O-O Ne5 14.
b3 Qc7 15. f4 Nd7 16. Kb1 Nc5 17. Nb5 Qb6 18. c4 bxc3 19. Nxc3 Qb4 20. Nd5 Qb5 21. Rc1 Bg7 22. Bxc5 dxc5 23. Rhd1 Bxd5 24. Qxd5 O-O 25. Qc4 Qb6 26. Bf1 Rfe8 27. Rc2 Bh6 28. Rf2 Red8 29. Rd3 Qb8 30. g5 Bg7 31. gxf6 Bxf6 32.
e5 Bg7 33. Rg2 Rxd3 34. Bxd3 Qb7 35. Be4 Qd7 36. Qc2 h6 37. Bf5 e6 38. Bh7+ Kf8 39.
Bd3 Rd8 40. Bc4 Qd1+ 41. Qxd1 Rxd1+ 42. Kc2 Rd4 43. Rf2 Ke7 44. Kb2 h5 45. Ka3 Bh6 46.
f5 Rd2 47. Rf3 Rh2 48. fxe6 fxe6 49. Rf6 Bc1+ 50. Ka4 Rxa2+ 51. Kb5 Rd2 52. Rxe6+ Kd7 53. Ra6 Bb2 54. Ra7+ Ke8 55. e6 Rd8 56. Kc6 Be5 57. Bb5 Bb8 58. Rh7 Rc8+ 59. Kb7+ 1-0

[Event "*** Titled Tuesday Blitz"]
[Site "Chess.com"]
[Date "2018.12.04"]
[Round "4"]
[White "VerdeNotte"]
[Black "dretch"]
[Result "1-0"]
[WhiteElo "2851"]
[BlackElo "2806"]
[TimeControl "180+2"]
[EndTime "13:51:33 PST"]
[Termination "VerdeNotte won by resignation"]

1. Nf3 d5 2. b3 Bg4 3. Bb2 e6 4.
g3 Bxf3 5. exf3 Nf6 6. Bg2 g6 7. O-O Bg7 8. d4 O-O 9. c4 Nc6 10. Re1 dxc4 11. bxc4 Ne8 12. f4 Nxd4 13. Nc3 Nd6 14. Ne2 Nf3+ 15. Bxf3 Bxb2 16. Rb1 Nxc4 17.
Kg2 Qxd1 18. Rexd1 c6 19. Ng1 Rab8 20. Be2 b5 21. Rd7 a5 22. Rc7 Rb6 23. Bf3 Rfb8 24. Bxc6 Bf6 25. Rxb5 Rxb5 26. Bxb5 Ne3+ 27. fxe3 Rxb5 28.
Rc2 Rb1 29. Nf3 a4 30. e4 Bb2 31. Nd2 Re1 32. Rxb2 Re2+ 33. Kf3 Rxh2 34. Nc4 Rh1 35. Rb4 Rf1+ 36. Ke2 Rg1 37. Kf2 Rc1 38. Rxa4 Rc2+ 39. Kf3 Rc3+ 40. Ne3 h5 41. Rc4 Ra3 42. Rc2 Kg7 43. Kf2 Kh6 44. Nc4 Ra4 45. Nd6 f6 46. e5 fxe5 47. Nf7+ Kg7 48. Nxe5 Kf6 49. Nf3 Kf5 50.
Re2 Ra3 51. Kg2 Kf6 52. Nd4 g5 53. Rxe6+ Kf7 54. fxg5 Rxa2+ 55. Kf3 Ra4 56. g6+ Kf8 57. Nf5 1-0

[Event "*** Titled Tuesday Blitz"]
[Site "Chess.com"]
[Date "2018.12.04"]
[Round "4"]
[White "artichaud"]
[Black "WorldChampionBulletChess"]
[Result "1-0"]
[WhiteElo "2130"]
[BlackElo "2058"]
[TimeControl "180+2"]
[EndTime "13:51:35 PST"]
[Termination "artichaud won by checkmate"]

1. d4 Nf6 2. Bg5 e6 3. e4 Be7 4. Nd2 h6 5. Bxf6 Bxf6 6. e5 Be7 7. Qg4 g5 8. h4 d6 9. hxg5 Bxg5 10. Ngf3 Be7 11.
Qg7 Rf8 12. Rxh6 Nd7 13. O-O-O c5 14. Ne4 d5 15. Nxc5 Nxc5 16. dxc5 Bxc5 17. Rh8 Bd7 18. Ng5 Qe7 19. Rxf8+ Qxf8 20. Qxf8+ Kxf8 21. Nh3 Rc8 22. Bd3 b5 23. Kb1 a5 24. f4 Ke7 25. a3 Rg8 26. Bf1 Bc6 27. c3 Rg3 28. Rd3 Rg4 29. g3 b4 30. Be2 Rg8 31. cxb4 axb4 32. axb4 Bxb4 33. Rb3 Be1 34. Ng5 Rh8 35. Bb5 Ba8 36. Ra3 Bb4 37. Ra7+ Kf8 38. Rxa8+ Kg7 39. Rxh8 Kxh8 40.
Nxf7+ Kg7 41. Ng5 Be1 42. Nxe6+ Kf7 43. Nc7 Bxg3 44. Nxd5 Ke6 45. Bc4 Kf5 46. Kc2 Ke4 47.
b4 Kd4 48. Kb3 Ke4 49. e6 Bh4 50. b5 Bd8 51. b6 Kd4 52. b7 Kc5 53. b8=Q Bc7 54.
Qxc7+ Kd4 55. Qe5+ Kc5 56. Qe3+ Kc6 57. e7 Kd6 58. Qe5+ Kc5 59. Qc7+ Kd4 60. Qb6+ Ke4 61. e8=Q+ Kf5 62. Qee6# 1-0

[Event "*** Titled Tuesday Blitz"]
[Site "Chess.com"]
[Date "2018.12.04"]
[Round "4"]
[White "GadimbayliA"]
[Black "Bryakin_Mikhail"]
[Result "1-0"]
[WhiteElo "2665"]
[BlackElo "2721"]
[TimeControl "180+2"]
[EndTime "13:51:39 PST"]
[Termination "GadimbayliA won by resignation"]

1. e4 c6 2. Nf3 d5 3. exd5 cxd5 4. Ne5 Nc6 5. d4 e6 6. Bb5 Qc7 7. Bf4 Bd6 8. Qg4 Kf8 9. Bxc6 bxc6 10. Qg3 Ne7 11.
Ng6+ hxg6 12. Bxd6 Qd7 13. Qa3 Ke8 14. Nd2 Nf5 15.
Bc5 f6 16. O-O-O Kf7 17. g4 Nh4 18. f4 a5 19. Qg3 a4 20. Rde1 Ba6 21. Rhg1 Rae8 22.
g5 Nf5 23. Qg2 Reg8 24. Nf3 Bc8 25. Qe2 Qc7 26. Rg4 Qb7 27. h4 Qb5 28. Qf2 Qb8 29.
Reg1 Bd7 30. b3 axb3 31. axb3 Qa8 32. Kb2 Qb8 33. Ra1 Rc8 34. Qg1 Rhg8 35. Qh2 Rh8 36. Qg1 Rhg8 37. Ra7 Rc7 38. Ra2 Rcc8 39. Ra1 Rc7 40.
Qh2 Rh8 41. Rag1 Ne3 42. gxf6 Nxg4 43. Ng5+ Kxf6 44. Rxg4 Rb7 45. Rg1 Rh5 46. Qg3 Qe8 47.
Qe3 Qb8 48. Qd3 Rh6 49. Qg3 Rb5 50. Nf3 Be8 51. Ne5 Rh5 52. Rf1 Rxc5 53. dxc5 Qb4 54.
Nd3 Qd4+ 55. c3 Qe4 56. Re1 Qf5 57. Re5 1-0

[Event "*** Titled Tuesday Blitz"]
[Site "Chess.com"]
[Date "2018.12.04"]
[Round "4"]
[White "nubair1198"]
[Black "volcanoexplorer"]
[Result "1-0"]
[WhiteElo "2611"]
[BlackElo "2398"]
[TimeControl "180+2"]
[EndTime "13:51:41 PST"]
[Termination "nubair1198 won by checkmate"]

1. d4 Nf6 2. c4 e6 3. Nc3 Bb4 4. e3 O-O 5. Ne2 c5 6. a3 Bxc3+ 7. Nxc3 cxd4 8. Qxd4 Nc6 9. Qd2 d5 10. cxd5 exd5 11. Be2 d4 12. exd4 Nxd4 13. O-O Nb3 14. Qxd8 Rxd8 15. Ra2 Be6 16. Bg5 Nd2 17. Re1 Bxa2 18.
Nxa2 Nde4 19. Be3 Nd5 20. Bc1 Rac8 21. Bg4 Rc4 22. Bf3 f5 23. g4 g6 24. Kg2 Nef6 25.
gxf5 gxf5 26. Bg5 Rd7 27. Nc3 Ne4 28. Nxe4 Rg7 29. Ng3 Nf4+ 30. Bxf4 Rxf4 31. Re8+ Kf7 32. Ra8 Rd4 33. Rxa7 Kf6 34. Kf1 Rc7 35. Rxb7 Rc1+ 36. Kg2 Rd2 37. Rb6+ Ke5 38. Rb5+ Ke6 39. Nxf5 Rcc2 40.
Kg3 Rxb2 41. Nd4+ Kf7 42. Rxb2 Rxb2 43. Bc6 Kf6 44. a4 Ra2 45. Bb5 Ke5 46. Nf3+ Ke4 47. Ng5+ Kf5 48. Nxh7 Ra3+ 49. f3 Kg6 50. Nf8+ Kf5 51.
h4 Ra1 52. Bd3+ Kf6 53. Nd7+ Ke6 54. Nb6 Rg1+ 55. Kf4 Rh1 56. Kg5 Rg1+ 57. Kh6 Ra1 58. h5 Kf6 59. f4 Rd1 60. Bb5 Rf1 61. a5 Rb1 62. a6 Ra1 63. Kh7 Rc1 64. a7 Rc7+ 65. Nd7+ Kf5 66. a8=Q Kg4 67. Qg8+ Kh4 68. Qd5 Rc2 69. Qg5+ Kh3 70. Qf5+ Kh4 71. Qxc2 Kg3 72. f5 Kh4 73. f6 Kg5 74. h6 Kh4 75. f7 Kg5 76.
f8=Q Kh5 77. Qff5+ Kh4 78. Qcf2# 1-0

[Event "*** Titled Tuesday Blitz"]
[Site "Chess.com"]
[Date "2018.12.04"]
[Round "4"]
[White "Fianchettoed-Tower"]
[Black "Thjop"]
[Result "0-1"]
[WhiteElo "2469"]
[BlackElo "2664"]
[TimeControl "180+2"]
[EndTime "13:51:48 PST"]
[Termination "Thjop won by resignation"]

1. e4 e6 2. d4 d5 3. Nd2 c5 4.
Ngf3 cxd4 5. Nxd4 Nf6 6. Bb5+ Bd7 7. Qe2 a6 8. Bxd7+ Nbxd7 9. O-O Bc5 10. N4b3 Bd6 11. c4 dxe4 12. Nxe4 Nxe4 13. Qxe4 Qc7 14. Qh4 Rc8 15. Rd1 Be7 16. Bg5 Bxg5 17. Qxg5 O-O 18. Rac1 Nf6 19. Qa5 Qf4 20. g3 Qg4 21. Rd4 Qf3 22.
Qc3 Qc6 23. Rcd1 e5 24. Rh4 Rfe8 25. Qd3 e4 26. Qd6 Qxd6 27. Rxd6 Rxc4 28. Rb6 Re7 29. Na5 Rcc7 30. Rd6 h5 31. Rf4 Rc1+ 32. Kg2 Rc2 33.
Kh3 Rxb2 34. Rd8+ Kh7 35. Rf5 Rxa2 36. Nc4 Kg6 37. Rf4 Rc2 38. Ne3 Rc5 39. Ng2 a5 40. Nh4+ Kh7 41. Ra8 b6 42. Nf5 Rd7 43. Ne3 Rcc7 44.
Rb8 Rb7 45. Rc8 b5 46. Rf5 a4 47. Ra8 Ra7 48. Rxa7 Rxa7 49. Rxb5 a3 50. Rb1 a2 51. Ra1 g5 52. Nc4 Nd5 53. Nd6 Nc3 54. Kg2 Kg6 55. Kf1 Ra6 56. Nc4 Ra4 57. Nd2 Rb4 58. Kg2 Rb2 59.
Nc4 Rb1 0-1